 Dungeon Crawl Stone Soup version 0.30.1-4-g462c640d31 (webtiles) character file.

Game seed: 7604398725059361399

21 croobank the Chiller (level 2, -1/21 HPs)
             Began as an Armataur Ice Elementalist on Aug 25, 2023.
             Was a Follower of Vehumet.
             Slain by a sleepcap (4 damage)
             ... on level 2 of the Dungeon.
             The game lasted 00:03:34 (1689 turns).

croobank the Chiller (Armataur Ice Elementalist)    Turns: 1689, Time: 00:03:36

Health: -1/21      AC:  4    Str: 13    XL:     2   Next: 65%
Magic:  5/5        EV:  9    Int: 15    God:    Vehumet [*.....]
Gold:   69         SH:  0    Dex: 10    Spells: 3/5 levels left

rFire   . . .        f - +0 short sword
rCold   . . .        (no shield)
rNeg    . . .        a - +0 robe
rPois   .            (no helmet)
rElec   .            (no cloak)
rCorr   .            (no gloves)
SInv    .            (no barding)
Will    .....        (no amulet)
Stlth   ++           (no ring)
HPRegen 0.23/turn    (no ring)
MPRegen 0.09/turn

%: roll
@: no status effects
A: large, rugged brown scales 3, deformed body, armoured tail, roll, long
tongue, awkward tongue
a: Renounce Religion


You were on level 2 of the Dungeon.
You worshipped Vehumet.
Vehumet was aware of your devotion.
You visited 1 branch of the dungeon, and saw 2 of its levels.

You collected 69 gold pieces.

Inventory:

Hand Weapons
 f - a +0 short sword (weapon)
Missiles
 j - 4 poisoned darts
Armour
 a - a +0 robe (worn)
 k - a +0 buckler
Scrolls
 b - 2 scrolls of poison {unknown}
 d - a scroll of teleportation
 h - a scroll of enchant weapon {unknown}
 i - a scroll of noise {unknown}
Potions
 c - 2 potions of heal wounds {unknown}
 e - a potion of curing {unknown}
 g - a potion of attraction {unknown}


   Skills:
 + Level 0.1 Fighting
 + Level 1.6 Dodging
 + Level 2.6 Stealth
 + Level 2.1 Spellcasting
 + Level 3.8 Ice Magic


You had 3 spell levels left.
You knew the following spells:

 Your Spells              Type           Power      Damage    Failure   Level
a - Freeze                Ice            52%        1d6       4%          1
b - Foxfire               Conj/Fire      4%         2x1d4     22%         1

Your spell library contained the following spells:

 Spells                   Type           Power      Damage    Failure   Level
 Frozen Ramparts          Ice            26%        1d4       14%         3
 Ozocubu's Armour         Ice            13%        N/A       14%         3
 Sting                    Tmut/Pois      4%         1d3       22%         1
 Poisonous Vapours        Pois/Air       2%         N/A       32%         2
 Summon Ice Beast         Ice/Summ       7%         N/A       69%         4
 Olgreb's Toxic Radiance  Pois           1%         N/A       91%         4


Dungeon Overview and Level Annotations

Branches:
Dungeon (2/15)

Altars:
Vehumet

Shops:
D:1 (


Innate Abilities, Weirdness & Mutations

You are completely covered in rugged brown scales. (AC +3, +7% HP)
Armour fits poorly on your strangely shaped body.
You have a long armoured tail.
You roll when moving toward enemies. (Rampage)
Your long tongue fully drains potion bottles. (2x potion effects)
Your tongue gives you trouble enunciating. (1.5x scroll delay)


Message History

Vehumet accepts your kill.
You see here a +0 dagger.
Found an escape hatch in the ceiling.
A giant cockroach comes into view.
You roll towards the giant cockroach!
Found 8 gold pieces.
You roll towards the giant cockroach!
You closely miss the giant cockroach.
The giant cockroach bites you but does no damage.
You barely miss the giant cockroach. The giant cockroach closely misses you.
You closely miss the giant cockroach. The giant cockroach barely misses you.
You hit the giant cockroach.
The giant cockroach is heavily wounded.
The giant cockroach closely misses you.
Cast which spell? (? or * to list)
Aiming: Freeze (safe; 4% risk of failure)
Press: ? - help, Shift-Dir - straight line, f - giant cockroach
Aim: a giant cockroach (heavily wounded)
You freeze the giant cockroach.
You kill the giant cockroach!
Vehumet accepts your kill.
Magic restored.
You now have 69 gold pieces (gained 8).
b - 2 scrolls labelled HAEFRE RUKOAPT (gained 1)
You open the door.
A sleepcap comes into view.
You roll towards the sleepcap!
An ufetubus comes into view.
You roll towards the sleepcap!
The ufetubus shouts!
The sleepcap releases spores at you!
You hit the sleepcap but do no damage. The sleepcap releases spores at you!
* * * LOW HITPOINT WARNING * * *
You are engulfed in a cloud of soporific spores!
You fall asleep.
The ufetubus hits you.
You wake up.
* * * LOW HITPOINT WARNING * * *
The ufetubus hits you.
* * * LOW HITPOINT WARNING * * *
The ufetubus closely misses you. x2; The sleepcap releases spores at you.
You die...

####...#####
#.......#
#...........
#.......#
#.#.........
#.......#
#.#.########
#.......# #.#.#
#.......# #.#.#
#.......# #.#.#
#....5..###.#.#
#..f@..'...#.#
###....#####.#
###### #.# #.#
#.#


You could see a sleepcap and an ufetubus.

Vanquished Creatures
  2 ball pythons
  An endoplasm (D:1)
  2 giant cockroaches
  2 goblins
  2 hobgoblins (D:1)
  5 kobolds
  3 bats (D:1)
  2 rats
19 creatures vanquished.

Vanquished Creatures (others)
  11 foxfires
11 creatures vanquished.

Grand Total: 30 creatures vanquished

Notes
Turn   | Place    | Note
-------+----------+-------------------------------------------
     0 | D:1      | croobank the Armataur Ice Elementalist began the quest for
                  | the Orb.
     0 | D:1      | Reached XP level 1. HP: 14/14 MP: 3/3
   186 | D:1      | Found a faded altar of an unknown god.
   340 | D:1      | Prayed at the altar of an unknown god.
   340 | D:1      | Became a worshipper of Vehumet
   340 | D:1      | Reached * piety under Vehumet
   340 | D:1      | Offered knowledge of Foxfire by Vehumet.
   343 | D:1      | Learned a level 1 spell: Foxfire
   364 | D:1      | Reached XP level 2. HP: 18/21 MP: 0/5
   850 | D:1      | Found Ixeihipp's Weapon Boutique.
  1689 | D:2      | Slain by a sleepcap

Illustrated notes

Levels and vault maps discovered:
D:1:      dpeg_arrival_arbitrary_b, layout_basic,
          hellmonk_ecumenical_altar_lost_god, serial_shops,
          nicolae_shop_rolling_square
D:2:      layout_basic

Skill      XL: |  1 |
---------------+----+-----
Spellcasting   | 2 |  2.1
Fighting       | |  0.1
Dodging        | |  1.6
Stealth        | |  2.6
Ice Magic      | |  3.8

Action                     || total
---------------------------++-------
  Melee: Unarmed           ||    13
         Tailslap          ||     5
         Short sword       ||    19
   Cast: Freeze            ||    11
         Foxfire           ||     6
    Use: Potion            ||     1
         Scroll            ||     1
   Stab: Sleeping          ||     4
 Armour: Robe              ||    14
  Dodge: Dodged            ||    22
